 Dungeon Crawl Stone Soup version 0.28.0-43-g3370ac3207 (webtiles) character file.

Game seed: 576597852071903699

129 Pinkishskies the Magician (level 5, -5/35 HPs)
             Began as a Djinni Fire Elementalist on Mar 31, 2022.
             Blown up by Ijyb (22 damage)
             ... with a mindburst bolt
             ... on level 3 of the Dungeon.
             The game lasted 00:04:05 (2726 turns).

Pinkishskies the Magician (DjFE)                    Turns: 2726, Time: 00:04:09

Health: -5/35      AC:  2    Str:  7    XL:     5   Next: 35%
Gold:   54         EV: 12    Int: 19    God:
                   SH:  0    Dex: 13

rFire   + + .      SeeInvis .   (no weapon)
rCold   x . .      Faith    .   (no shield)
rNeg    . . .      Spirit   .   a - +0 robe
rPois   ∞          Reflect  .   (no helmet)
rElec   .          Harm     .   (no cloak)
rCorr   .          Rampage  .   (no gloves)
Will    .....                   (boots unavailable)
Stlth   ++........              (no amulet)
HPRegen 0.11/turn               (no ring)
MPRegen 0.00/turn               (no ring)

@: flying
A: sickness immunity, fire resistance 2, cold vulnerability 1, float, innate
caster, HP casting, extra vitality 1
a: no special abilities


You were on level 3 of the Dungeon.
You visited 1 branch of the dungeon, and saw 3 of its levels.

You collected 54 gold pieces.

Inventory:

Armour
 a - a +0 robe (worn)
Scrolls
 b - a scroll of teleportation {unknown}
 e - 3 scrolls of identify {unknown}
 f - a scroll of enchant weapon {unknown}
 g - a scroll of immolation {unknown}
Potions
 c - 2 potions of heal wounds {unknown}
 d - 3 potions of curing {unknown}


   Skills:
 + Level 0.1 Fighting
 + Level 2.5 Dodging
 + Level 1.7 Stealth
 + Level 4.2 Spellcasting


You couldn't memorise any spells.
You knew the following spells:

 Your Spells              Type           Power      Damage    Failure   Level
a - Foxfire               Conj/Fire      80%        2x1d8     2%          1
b - Scorch                Fire           40%        2d7       3%          2
c - Conjure Flame         Conj/Fire      20%        6-21      7%          3
d - Inner Flame           Hex/Fire       20%        N/A       7%          3
e - Flame Wave            Conj/Fire      20%        2d7       24%         4
f - Animate Skeleton      Necr           40%        N/A       2%          1
g - Passwall              Tmut/Erth      16%        N/A       3%          2
Your spell library was empty.

Dungeon Overview and Level Annotations

Branches:
Dungeon (3/15)

Altars:

Annotations:
D:3 Ijyb, Robin, Terence


Innate Abilities, Weirdness & Mutations

You are immune to sickness and miasma.
You are immune to poison.
Your flesh is very heat resistant. (rF++)
You are vulnerable to cold. (rC-)
You float through the air rather than walking.
You learn spells naturally, not from books.
Your magical power is your life essence.
You have superior vitality. (+4 MHP)


Message History

You conjure some foxfire!
You conjure some foxfire!
The foxfire hits the adder.
The adder is lightly wounded.
The foxfire hits the adder but does no damage.
The adder is lightly wounded.
The foxfire hits the adder.
The adder is severely wounded.
You conjure some foxfire!
The foxfire hits the adder.
The adder is almost dead.
The foxfire hits the adder.
You kill the adder!
Your foxfire dissipates! x3
Terence the Incautious comes into view.
He is wielding a +0 mace.
Found a scroll labelled LUHICZI ENERULEST.
Terence shouts!
A hobgoblin comes into view. 2 goblins come into view.
The goblin shouts!
You hear a shout! x3
A hobgoblin comes into view.
You see here a scroll labelled LUHICZI ENERULEST.
A goblin and 2 hobgoblins come into view.
A rat comes into view.
The hobgoblin shouts! x2; The goblin shouts!
You hear a shout! x3
A ball python comes into view.
A goblin comes into view. It is wielding a +0 club.
The rat moves out of view.
Robin, 2 hobgoblins and a goblin come into view.
Found a club.
Robin shouts!
The hobgoblin shouts! x2; The goblin shouts!
A goblin comes into view. It is wielding a +0 club.
Robin throws the goblin at you!
The goblin shouts!
The ball python hisses angrily.
The goblin unwields a +0 dagger.
The goblin wields a +0 hunting sling.
The goblin shoots a stone.
The stone barely misses you.
Ijyb the Twisted Goblin comes into view.
She is wielding a +0 dagger, wearing a +1 leather armour of cold resistance and carrying a wand of mindburst (13).
Ijyb shouts!
The goblin shoots a stone.
The stone hits you.
Ijyb zaps a wand.
Your mind is blasted!
Ouch! That really hurt!
You die...

#. #............##.... #.
###..####.......... #.
###.####...).......
#.###?....##...........
#...@...#.@.....†......
######..######....>.).).>.
.......g.....)##...........
.....gg.g.....##..#†...##..
.....g.gg.@............##..
....g.........###..)..###..
...gg.................. #..
..gS.............. ##.
g..g.............. ##
.......#......... ...
............###. ....
..g......... #### #


You could see Ijyb, Terence, 6 hobgoblins, 5 goblins and a ball python.

Vanquished Creatures
  Jessica (D:3)
  3 gnolls (D:3)
  3 adders
  A worm (D:2)
  A dart slug (D:2)
  6 ball pythons
  4 bats
  An endoplasm (D:1)
  A giant cockroach (D:3)
  6 goblins
  3 hobgoblins
  2 jackals (D:1)
  3 kobolds
  A quokka (D:1)
  2 frilled lizards
  4 rats
42 creatures vanquished.

Vanquished Creatures (collateral kills)
  A foxfire (D:1)
1 creature vanquished.

Vanquished Creatures (others)
  181 foxfires
  4 toadstools (D:1)
185 creatures vanquished.

Grand Total: 228 creatures vanquished

Notes
Turn   | Place    | Note
-------+----------+-------------------------------------------
     0 | D:1      | Pinkishskies the Djinni Fire Elementalist began the quest
                  | for the Orb.
     0 | D:1      | Reached XP level 1. HP: 15/15 MP: 0/0
   255 | D:1      | Reached XP level 2. HP: 17/21 MP: 0/0
   799 | D:1      | Reached skill level 3 in Spellcasting
   919 | D:1      | Reached XP level 3. HP: 23/25 MP: 0/0
   919 | D:1      | Learned a level 1 spell: Animate Skeleton
  2084 | D:2      | Found a faded altar of an unknown god.
  2495 | D:3      | Reached XP level 4. HP: 29/31 MP: 0/0
  2590 | D:3      | Noticed Jessica
  2595 | D:3      | Killed Jessica
  2640 | D:3      | Reached XP level 5. HP: 25/35 MP: 0/0
  2640 | D:3      | Learned a level 2 spell: Passwall
  2645 | D:3      | Reached skill level 4 in Spellcasting
  2710 | D:3      | Noticed Terence
  2723 | D:3      | Noticed Robin
  2726 | D:3      | Noticed Ijyb
  2726 | D:3      | Blown up by Ijyb

Illustrated notes

Levels and vault maps discovered:
D:1:      ldierk_walled_garden_2, layout_rooms
D:2:      layout_basic, hellmonk_ecumenical_altar_inner_sanctum
D:3:      minmay_evil_eye, layout_rooms, yredelemnul_forgotten_temple_becter,
          gammafunk_ghost_abyssal_escape, minmay_puff, uniq_terence, uniq_robin,
          uniq_natasha, uniq_jessica, uniq_ijyb

Skill      XL: |  1  2  3  4  5 |
---------------+----------------+-----
Spellcasting   | 3 4 |  4.2
Fighting       | |  0.1
Dodging        | |  2.5
Stealth        | |  1.7

Action                   |  1- 3 |  4- 6 || total
-------------------------+-------+-------++-------
 Cast: Foxfire           |    85 |    27 ||   112
       Scorch            |     3 |     1 ||     4
       Animate Skeleton  |     3 |       ||     3
Armor: Robe              |     3 |       ||     3
Dodge: Dodged            |     4 |     1 ||     5
